Cogmind - Beta 16 @@@ ROGUE MODE // 2025.11.30 @ 22:42:05 Player: Darrellet86 Result: Destroyed by as-80311 with Assembled Blade Performance ------------- Evolutions (0) 0 Regions Visited (2) 400 Robots Destroyed (8) 40 Value Destroyed (304) 304 Prototype IDs (0) 0 Alien Tech Used (0) 0 Bonus (0) 0 TOTAL SCORE: 744 Bonus ------- None Cogmind --------- Core Integrity 0/250 Matter 297/300 Energy 125/125 System Corruption 0% Temperature Cool (0) Movement Core (300) Ox5 Location -10/Mines Parts ------- > --- POWER (1) -------- Light Ion Engine > --- PROPULSION (2) --- (None) > --- UTILITY (2) ------ Improved Heat Sink Medium Storage Unit > --- WEAPON (2) ------- Assault Rifle > --- INVENTORY (10) --- Ion Engine Light Ion Engine Light Ion Engine Small Storage Unit Medium Storage Unit Tractor Beam EM Pulse Gun Peak State ------------ > --- POWER ------------ Light Nuclear Core > --- PROPULSION ------- Aluminum Leg Aluminum Leg > --- UTILITY ---------- Medium Storage Unit Tractor Beam > --- WEAPON ----------- EM Pulse Gun Assault Rifle > --- INVENTORY -------- Light Ion Engine Light Ion Engine Light Treads Light Treads Improved Heat Sink Small Storage Unit Medium Storage Unit EM Pulse Gun Assault Rifle [Rating: 10] Favorites ----------- Power Ion Engine Engine Ion Engine Power Core Light Nuclear Core Propulsion Light Treads Treads Light Treads Leg Aluminum Leg Utility Medium Storage Unit Device Improved Heat Sink Storage Medium Storage Unit Weapon Assault Rifle Energy Gun EM Pulse Gun Ballistic Gun Assault Rifle Launcher Grenade Launcher Build | -11 -10 -10 ------- Run | Yrd Mat Min Slots Evolved . | . . . Power . | . . . Propulsion . | . . . Utility . | . . . Weapon . | . . . Parts Attached 18 | 7 8 3 Power 5 | 1 3 1 Engine 4 | 1 2 1 Core 1 | . 1 . Reactor . | . . . Propulsion 4 | 2 2 . Treads 2 | . 2 . Leg 2 | 2 . . Wheel . | . . . Hover . | . . . Flight . | . . . Utility 4 | 2 2 . Device 2 | 1 1 . Storage 2 | 1 1 . Processor . | . . . Hackware . | . . . Protection . | . . . Artifact . | . . . Weapon 5 | 2 1 2 Energy Gun 2 | . 1 1 Energy Cannon . | . . . Ballistic Gun 2 | 2 . . Ballistic Cannon . | . . . Launcher 1 | . . 1 Special Weapon . | . . . Impact Weapon . | . . . Slashing Weapon . | . . . Piercing Weapon . | . . . Special Melee Weapon . | . . . Unidentified Prototypes . | . . . Parts Lost 7 | . 1 6 Power 2 | . 1 1 Propulsion 2 | . . 2 Utility . | . . . Weapon 3 | . . 3 Highest Loss Streak 6 | . 1 6 To Critical Strikes . | . . . Average Backups 8 | 2 7 9 Power 2 | . 1 2 Propulsion 1 | 1 2 1 Utility 2 | . 2 3 Weapon 1 | . 1 2 Tool/Special . | . . . Unused Backups 2 | . . 2 Power 1 | . . 1 Propulsion . | . . . Utility 1 | . . 1 Weapon . | . . . Tool/Special . | . . . Average Slot Usage (%) 97 | . 100 95 Engine 13 | . 12 14 Treads 20 | . 15 25 Leg 5 | . 12 . Device 14 | . 14 14 Storage 14 | . 14 14 Energy Gun 11 | . 11 12 Ballistic Gun 15 | . 16 14 Peak Build Rating 10 | 7 10 10 Average Rating 8 | 4 7 9 On Entrance 5 | . 7 9 Avg Prop Armor Cover (%) . | . . . Naked Turns . | . . . Heaviest Build 20 | 13 20 20 Greatest Support 40 | 20 40 40 Greatest Overweight (x) 5 | . . 5 Average Overweight (x) . | . . . Largest Inventory Capacity 10 | 8 10 10 Average Capacity 9 | 7 9 10 Most Carried 10 | 4 9 10 Average Carried 8 | 2 7 9 Final Capacity 10 | 8 10 10 Final Carried 9 | 3 9 7 Class Distribution -------------------- 100% | Mutant Dominant Class ---------------- Mutant | -10/Materials Mutant | -10/Mines Resources | -11 -10 -10 ----------- Run | Yrd Mat Min Matter Collected 512 | 279 151 82 Remotely 212 | 61 151 . Salvage Created 355 | 91 207 57 Parts 13 | 4 7 2 Haulers Intercepted . | . . . Recyclers Shooed . | . . . Parts Field Recycled . | . . . Retrieved Matter . | . . . Parts Self-Destructed . | . . . Prevented . | . . . Parts Restored . | . . . Kills | -11 -10 -10 ------- Run | Yrd Mat Min Combat Hostiles Destroyed 6 | . 4 2 Guns 6 | . 4 2 Classes Destroyed 4 | 1 2 1 Recycler 1 | 1 . . Watcher 1 | . 1 . Grunt 5 | . 4 1 Demolisher 1 | . . 1 Best Kill Streak 2 | 1 2 1 Combat Bots Only 2 | . 2 1 Max Kills in Single Turn 1 | 1 1 1 Gunslinging . | . . . Exploded . | . . . Melee . | . . . Uniques/NPCs Destroyed . | . . . Combat | -11 -10 -10 -------- Run | Yrd Mat Min Hostile Shots Fired 47 | . 17 30 Missed 12 | . 5 7 Hits 35 | . 12 23 Melee 2 | . . 2 Projectile 33 | . 12 21 AOE 20 | . . 20 Critical Strikes 1 | . 1 . Damage Taken 1058 | . 178 880 Core 275 | . 30 245 Absorbed by Shields . | . . . Core Remaining (%) 100 | 100 . . Volleys Fired 33 | 3 14 16 Largest 2 | 1 2 2 Hottest 60 | 20 60 60 Shots Fired 55 | 3 26 26 Gun 54 | 3 26 25 Cannon . | . . . Launcher 1 | . . 1 Special . | . . . Kinetic 30 | 3 12 15 Thermal . | . . . Explosive 1 | . . 1 Electromagnetic 24 | . 14 10 Robot Hit Streak 9 | 2 5 9 Robot Miss Streak 2 | 1 1 2 Penetration Max . | . . . Secondary Targets . | . . . Shots Hit Robots 39 | 2 18 19 Core Hits 16 | 1 11 4 Critical Kills . | . . . Critical Parts Destroyed 1 | . . 1 Critical Strikes 1 | . . 1 Destroy 1 | . . 1 Melee Attacks . | . . . Impact . | . . . Slashing . | . . . Piercing . | . . . Sneak Attacks . | . . . Combat Hostiles . | . . . Follow-up Attacks . | . . . Damage Inflicted 580 | 26 292 262 Guns 523 | 26 252 245 Cannons . | . . . Explosions 57 | . 40 17 Melee . | . . . Ramming . | . . . Kinetic 236 | 26 89 121 Thermal 40 | . 40 . Explosive 17 | . . 17 Electromagnetic 287 | . 163 124 Impact . | . . . Slashing . | . . . Piercing . | . . . Highest Corruption . | . . . Average Corruption . | . . . Corruption Purged . | . . . Corruption Blocked . | . . . Overload Shots . | . . . Overflow Damage 12 | . . 12 Projectiles . | . . . Explosions 12 | . . 12 Melee . | . . . Knockbacks . | . . . Impact . | . . . Kinetic . | . . . Secondary . | . . . Self-Inflicted Damage 32 | . . 32 Shots 1 | . . 1 Rammed . | . . . Targets Rammed . | . . . Kicked . | . . . Crushed . | . . . Highest Temperature 42 | . 42 . Average Temperature 26 | . 26 . Received Heat Transfer 144 | . 117 27 Siege Activations . | . . . Martial Activations . | . . . Shielding Activations . | . . . Robots Disrupted . | . . . Combat Hostiles . | . . . Robots Corrupted . | . . . Combat Hostiles . | . . . Parts Fried 4 | . 2 2 Impact Corruptions . | . . . Robots Melted . | . . . Combat Hostiles . | . . . Parts Melted . | . . . Heat Transferred . | . . . Parts Sabotaged . | . . . Parts Stolen . | . . . Parts Stripped . | . . . Power Chain Reactions 1 | . 1 . Alert | -11 -10 -10 ------- Run | Yrd Mat Min Maximum Alert Level . | . . . Low Security (%) 100 | 100 100 100 Level 1 . | . . . Level 2 . | . . . Level 3 . | . . . Level 4 . | . . . Level 5 . | . . . High Security . | . . . Max Security . | . . . Peak Influence 62 | 5 62 30 Initial . | . . . Average 10 | 1 19 3 Influence Increases 207 | 5 142 60 Destroy 0b10 Robot/C 120 | . 80 40 Destroy 0b10 Robot/NC 10 | 5 5 . Destroy Leader 42 | . 22 20 Disable Machine 30 | . 30 . Destroy Structure 5 | . 5 . Influence Decreases 193 | 5 142 46 Time Decay 183 | 5 132 46 Lost Part 10 | . 10 . Squads Dispatched 1 | . 1 . Investigation . | . . . Extermination . | . . . Reinforcement 1 | . 1 . Assault . | . . . Garrison . | . . . Intercept . | . . . Searches Triggered . | . . . Construction Impeded . | . . . Haulers Reinforced . | . . . Active Scanning Responses . | . . . Cargo Convoy Interrupts . | . . . Stealth | -11 -10 -10 --------- Run | Yrd Mat Min Distress Signals . | . . . Communications Jammed . | . . . Distress Signals . | . . . Times Spotted 14 | . 8 6 Peak Tracking Total 3 | . 3 2 Tactical Retreats . | . . . Traps | -11 -10 -10 ------- Run | Yrd Mat Min Traps Triggered . | . . . Indirectly . | . . . Trap Hack Attempts . | . . . Triggered . | . . . Disarmed . | . . . Reprogrammed . | . . . Reused . | . . . Traps Extracted . | . . . Installed . | . . . Triggered . | . . . Machines | -11 -10 -10 ---------- Run | Yrd Mat Min Machines Disabled 2 | . 2 . Max in Single Turn 1 | . 1 . Machines Repaired . | . . . Machines Dismantled . | . . . Machines Sabotaged . | . . . Overloaded Fab Kills . | . . . Hacking | -11 -10 -10 --------- Run | Yrd Mat Min Machines Accessed 1 | . 1 . Terminals 1 | . 1 . Fabricators . | . . . Repair Stations . | . . . Recycling Units . | . . . Scanalyzers . | . . . Garrison Access . | . . . Total Hacks 1 | . 1 . Successful 1 | . 1 . Failed . | . . . Catastrophic . | . . . Database Lockouts . | . . . Manual . | . . . Terminals 1 | . 1 . Fabricators . | . . . Repair Stations . | . . . Recycling Units . | . . . Scanalyzers . | . . . Garrison Access . | . . . Terminal Hacks 1 | . 1 . Zone Layout 1 | . 1 . Fabricator Hacks . | . . . Repair Station Hacks . | . . . Recycling Unit Hacks . | . . . Scanalyzer . | . . . Garrison Access Hacks . | . . . Unauthorized Hacks . | . . . Terminals . | . . . Fabricators . | . . . Repair Stations . | . . . Recycling Units . | . . . Scanalyzers . | . . . Garrison Access . | . . . Data Cores Recovered . | . . . Used . | . . . Hacking Detections . | . . . Full Trace Events . | . . . Feedback Events . | . . . Feedback Blocked . | . . . Robot Schematics Acquired . | . . . Robots Built . | . . . Authchips . | . . . Time . | . . . Total Robot Build Rating . | . . . Part Schematics Acquired . | . . . Parts Built . | . . . Authchips . | . . . Time . | . . . Total Part Build Rating . | . . . Part Studies Acquired . | . . . Parts Repaired . | . . . Time . | . . . Parts Recycled . | . . . Recycled Matter . | . . . Retrieved Matter . | . . . Retrieved Components . | . . . Parts Scanalyzed . | . . . Part Schematics Acquired . | . . . Parts Damaged . | . . . Bothacking | -11 -10 -10 ------------ Run | Yrd Mat Min Used RIF Installer . | . . . Robots Hacked . | . . . Non-combat . | . . . Combat . | . . . Robot Hacks Applied . | . . . Relay Couplers Released . | . . . Fabnet Peak Effective % . | . . . Robots Rewired . | . . . Allies Hacked . | . . . Hacks Repelled . | . . . Allies | -11 -10 -10 -------- Run | Yrd Mat Min Total Allies . | . . . Largest Group . | . . . Highest-Rated Group . | . . . Highest-Rated Ally . | . . . Total Orders . | . . . Ally Attacks . | . . . Total Damage . | . . . Kills . | . . . Allies Corrupted . | . . . Allies Melted . | . . . Intel | -11 -10 -10 ------- Run | Yrd Mat Min Active Infowar (turns) . | . . . Robot Analysis Total . | . . . Derelict Logs Recovered 1 | . . 1 Drone Launches . | . . . Drone Recoveries . | . . . Exploration | -11 -10 -10 ------------- Run | Yrd Mat Min Turns Passed 834 | 64 348 422 Spaces Moved 469 | 42 204 223 Core 23 | 13 . 10 Treads 310 | . 97 213 Legs 136 | 29 107 . Wheels . | . . . Hover . | . . . Flight . | . . . Fastest Speed 50 | 50 120 160 Average Speed 148 | 98 139 166 Slowest Speed 300 | 120 160 300 Overloaded Moves . | . . . Propulsion Burnouts . | . . . Robots Hopped . | . . . Potential Cave-ins 2 | . . 2 Cave-ins Triggered . | . . . Exploration Rate (%) 25 | 4 39 34 Regions Visited 2 Branch Regions 1 Pre-discovered Areas . | . . . Known Exits Taken . | . . . Unknown Exits Taken 2 | 1 1 . Scrap Searched 1 | . . 1 Spaces Dug . | . . . Terrain Destroyed 3 | . 2 1 Melee . | . . . Projectile . | . . . AOE 3 | . 2 1 Terrain Rammed . | . . . Walls Destroyed . | . . . Machines Disabled . | . . . Actions | -11 -10 -10 --------- Run | Yrd Mat Min Total 548 | 61 238 249 Wait . | . . . Move 467 | 41 203 223 Hop . | . . . Pick Up 20 | 10 7 3 Fast Attach . | . . . Attach 12 | 7 2 3 Detach 1 | . 1 . Swap 13 | . 11 2 Drop 2 | . . 2 Fire 33 | 3 14 16 Melee . | . . . Ram . | . . . Kick . | . . . Crush . | . . . Escape Stasis . | . . . Rewire . | . . . Trap . | . . . Miscellaneous . | . . . Route ------- -11/Scrapyard -10/Materials -10/Mines (discovered 1 exit: [*Mat]) History --------- Turn | Location | Event 4 | -11/Scrapyard | Discovered new exit (range 16) 65 | -11/Scrapyard | Entered Materials 310 | -10/Materials | Build established: Mutant 366 | -10/Materials | Discovered new exit (range 11) 413 | -10/Materials | Entered Mines 419 | -10/Mines | Met a Derelict bent on vengeance 460 | -10/Mines | Found a hidden stash of uninstalled traps 558 | -10/Mines | Discovered new exit (range 4) 738 | -10/Mines | Assembled infested the area 743 | -10/Mines | Assisted by a Guerilla fighting off Assembled 794 | -10/Mines | Core integrity fell below 50% 798 | -10/Mines | Core integrity fell below 20% 826 | -10/Mines | Lost 6 parts (1p2n3w) 835 | -10/Mines | Destroyed by as-80311 with Assembled Blade Last Messages --------------- come on!" 00743_ K-01 Serf collects debris. 00771_ The unstable cave ceiling collapses. 00782_ EM Pulse Gun destroyed. 00785_ The unstable cave ceiling collapses. 00785_ Lgt. Treads destroyed. 00791_ The unstable cave ceiling collapses. 00793_ Assault Rifle destroyed. 00794_ The unstable cave ceiling collapses. 00794_ Ion Engine destroyed. 00794_ Destroyed Ion Engine. 00795_ Lgt. Treads destroyed. 00795_ Grenade Launcher destroyed. 00799_ The unstable cave ceiling collapses. 00799_ D-53 Grenadier destroyed. 00801_ The unstable cave ceiling collapses. 00802_ D-53 Grenadier destroyed. 00803_ The unstable cave ceiling collapses. 00825_ Acquired 38 matter. 00831_ The unstable cave ceiling collapses. Map ----- +----------------------------------------------------+ | ???????????????# #???????????????????????????? | | ???????????????# #???????????????????????????? | | ???????????????# #???????????????????????????? | | ???????????????# #???????????????????????????? | | ???????????????# ##??????????????????????????? | | ??????????????## ####???????????????????????? | | ????????????### * ##??????????????????????? | | ???????# #### #??????????????????????? | | ???????# $ #???????????????????????? | | ???????##### = ##???????????????????????? | | ???????????## #????????????????????????? | | ????????????### [! #????????????????????????? | | ?????????????#### ! #????????????????????????? | | ????????????## # #????????????????????????? | | ???????????## # #??????#?????????????????? | | ???????????# ## #????? #?????????????????? | | ?????###???# ####? ###???????????????? | | ????## #??## # # # #???????????????? | | ????# #?# # # #???????????????? | | ????# ## # # """?????????????????? | | ????# # ## """?????????????????? | | ????## #?????????????????????? | | ?????#### # ###?????????????????????? | | ???????## # ##??????????????????????? | | ???????# ### #######??????????????????? | | ???????# # @ #??????????????????? | | ???????# % a #??????????????????? | | ???????## # ######r a #????????????????? | | ????????# # # ##????# # #????????????????? | | ????????# # ##???### # #??????? #???????? | | ????????#### # ##????## # ### #????????? | | ???????????########### #?????????? | | ???????????# |% #### #??????????? | | ???????????# ###!##### #?????? #??????????? | | ???????????# #?# #???# #??????????????????? | | ?????????### #?# #???## ##??????????????????? | | ????????## ### #????# #???????????????????? | | ??????### ## #????# ##???????#???????????? | | ??????# ### #????# #?####?? #???????????? | | ??????# ##?# ###### ### ### #???????????? | | ?????## < ##??# # ## ????????????? | | ????## #???# # # & #????????#####? | | ???## """ ##### # ###### & & #????????# ?? | | ???# """ # #??## & #????????# ?? | | ???# """ ###### #### ##????????# #?? | | ??## ##????# # ## #?????????# #?? | | ??# ###?????# ### #?????????# #?? | | ??# ##???????# #?# #?????##### ### | | ??# #????????# ## ####### # | | ??## ##????????# # | +----------------------------------------------------+ Best States ------------- Heat Dissipation 39 Energy Generation 14 Energy Capacity 250 Matter Stores 300 Matter Capacity 300 Sight Range 16 Terrain Scan Density 10 Evasion (%) 55 Recoil Reduction 2 Item Schematics ----------------- None Robot Schematics ------------------ None Fabricated ------------ Nothing Repaired ---------- Nothing Studied --------- None Alien Tech Used ----------------- None Achievements -------------- DATA ERROR: Steam Global Achievement% Challenges ------------ None Game ------ Seed ThermoelectricSigixDevice Manual? 0 Play Time 00:16:02 Cumulative 1.6 hours Start 2025.11.30 @ 22:27:20 End 2025.11.30 @ 22:42:05 Sessions 1 Manual Loads 0 Difficulty Rogue Special Mode None Game No. 2 Rogue 2 Adventurer 0 Explorer 0 Win Type - Total 0 Types 0/0/0/0/0/0/0/0/0/0 Lore% 0 Gallery% 4 Achievement% 4 Wizard Run 0 Options --------- Layout 1 ASCII 0 Keyboard 0 Movement Arrows Keybinds 0 Fullscreen 1 Font 24/Proggy Map View 50x35 Zoom Use 0% Tactical HUD 1 Map Filters NONE Filters NONE Steam 1 RUN: 7b36ebdb-ab9f-4f3e-948a-b20a005dea04